 Dungeon Crawl Stone Soup version 0.19.0-19-g8c6edcc (webtiles) character file.

96 Leybi the Sneak (level 4, -1/23 HPs)
             Began as a Vine Stalker Assassin on Nov 13, 2016.
             Slain by a crimson imp (2 damage)
             ... summoned by Natasha
             ... on level 2 of the Dungeon.
             The game lasted 00:04:02 (1537 turns).

Leybi the Sneak (Vine Stalker Assassin)             Turns: 1537, Time: 00:04:03

Health: -1/23      AC:  3    Str: 13    XL:     4   Next: 67%
Magic:  0/5        EV: 13    Int: 11    God:
Gold:   46         SH:  0    Dex: 17    Spells: 0 memorised, 3 levels left

rFire  . . .     SeeInvis .     a - +2 dagger
rCold  . . .     Gourm    .     c - +0 robe
rNeg   . . .     Faith    .     (no shield)
rPois  .         Spirit   +     (no helmet)
rElec  .         Reflect  .     d - +0 cloak
rCorr  .         Harm     .     (no gloves)
MR     .....                    (no boots)
Stlth  +++.......               (no amulet)
                                (no ring)
                                (no ring)

@: no status effects
A: fangs 2, regeneration 1, magic shield, antimagic bite, no device heal 3, rot
immunity
a: no special abilities


You were on level 2 of the Dungeon.
You were not hungry.

You visited 1 branch of the dungeon, and saw 2 of its levels.

You collected 46 gold pieces.

Inventory:

Hand Weapons
 a - a +2 dagger (weapon)
 b - a +0 blowgun
Missiles
 e - 8 poisoned needles
 f - 2 curare-tipped needles
Armour
 c - a +0 robe (worn)
 d - a +0 cloak (worn)
Jewellery
 j - an uncursed ring of fire {unknown}
 m - an uncursed ring of wizardry {unknown}
Scrolls
 k - a scroll of remove curse {unknown}
 l - a scroll of noise {unknown}
 o - 3 scrolls of teleportation {unknown}
 s - a scroll of amnesia {unknown}
Potions
 h - a potion of cure mutation {unknown}
 n - a potion of haste {unknown}
 p - 2 potions of curing
 r - a potion of might {unknown}
Comestibles
 g - a bread ration
 i - a beef jerky
 q - 6 chunks of flesh


   Skills:
 - Level 1.7 Fighting
 + Level 3.1 Short Blades
 - Level 1.7 Throwing
 + Level 2.6 Dodging
 - Level 4.8 Stealth


You had 3 spell levels left.
You didn't know any spells.

Dungeon Overview and Level Annotations

Branches:
Dungeon (2/15)

Altars:
Hepliaklqana

Annotations:
D:2 Natasha


Innate Abilities, Weirdness & Mutations

You have extremely sharp teeth.
Your natural rate of healing is unusually fast.
When hurt, damage is shared between your health and your magic reserves.
Your bite disrupts and absorbs the magic of your enemies.
Potions and wands cannot restore your health.
You are immune to rotting.


Message History

You hit Natasha. You bite Natasha, but do no damage.
Natasha is moderately wounded.
Natasha claws you!
You closely miss Natasha.
Natasha is moderately wounded.
Natasha claws you. The crimson imp puffs mist at you. The crimson imp hits you.
* * * LOW HITPOINT WARNING * * *
The crimson imp hits you.
* * * LOW HITPOINT WARNING * * *
A frilled lizard comes into view.
The crimson imp disappears in a puff of smoke!
Natasha casts a spell.
The frilled lizard hisses angrily.
Natasha stares at you and mumbles some strange words.
The magic dart hits you!
* * * LOW HITPOINT WARNING * * *
The crimson imp hits you.
You die...

#.....####.#.#####.#####
#..........#.##.........
####..)....#.##.##.###..
#...######.## #.# #..
#...# #.. ..# #..
#...######## #### ###
#..........
#####.[.##.#.#.
........l@..#
........5.>##
........h...#
#####...##.#.#....
#............#
#.).########.# #. #...#
... #. #.†.###### #.#
###.#### ##.......# #.#


You could see Natasha, a crimson imp and a frilled lizard.

Vanquished Creatures
  Natasha (D:2)
  3 adders (D:2)
  2 dart slugs (D:1)
  5 bats
  3 giant cockroaches (D:1)
  2 goblins
  5 hobgoblins
  4 jackals (D:1)
  5 kobolds
  4 frilled lizards
  6 rats
40 creatures vanquished.

Notes
Turn   | Place    | Note
-------+----------+-------------------------------------------
     0 | D:1      | Leybi the Vine Stalker Assassin began the quest for the Orb.
     0 | D:1      | Reached XP level 1. HP: 11/11 MP: 2/2
   188 | D:1      | Reached skill level 1 in Dodging
   247 | D:1      | Reached XP level 2. HP: 15/15 MP: 3/3
   445 | D:1      | Reached XP level 3. HP: 12/18 MP: 4/4
  1205 | D:2      | Found a hazy altar of Hepliaklqana.
  1355 | D:2      | Gained mutation: Your natural rate of healing is unusually fast. [Vine Stalker growth]
  1355 | D:2      | Reached XP level 4. HP: 23/23 MP: 5/5
  1382 | D:2      | Noticed Natasha
  1419 | D:2      | Killed Natasha
  1505 | D:2      | Noticed Natasha
  1536 | D:2      | HP: 1/23 [Natasha/magic dart (8)]
  1537 | D:2      | Slain by a crimson imp

Skill      XL: |  1  2  3  4 |
---------------+-------------+-----
Dodging        | 1 2 |  2.6
Short Blades   | 2 3 |  3.1
Fighting       | |  1.7
Throwing       | |  1.7
Stealth        | |  4.8

Action                   |  1- 3 |  4- 6 || total
-------------------------+-------+-------++-------
Melee: Dagger            |    91 |    29 ||   120
       Bite              |    21 |     9 ||    30
  Use: Potion            |     1 |       ||     1
 Stab: Sleeping          |     8 |       ||     8
  Eat: Chunk             |     1 |     1 ||     2
Armor: Robe              |    30 |     6 ||    36
Dodge: Dodged            |    48 |     5 ||    53
